 Dungeon Crawl Stone Soup version 0.28.0 (webtiles) character file.

Game seed: 2859604296921339242

206 mortz the Conjurer (level 6, -5/42 HPs)
             Began as a Human Conjurer on Feb 13, 2022.
             Was an Initiate of Sif Muna.
             Slain by a small abomination (14 damage)
             ... on level 3 of the Dungeon.
             The game lasted 00:39:26 (4079 turns).

mortz the Conjurer (Human Conjurer)                 Turns: 4079, Time: 00:39:26

Health: -5/42      AC:  4    Str:  8    XL:     6   Next: 10%
Magic:  18/20      EV: 11    Int: 26    God:    Sif Muna [......]
Gold:   68         SH:  0    Dex: 11    Spells: 8/11 levels left

rFire   . . .      SeeInvis .   m - +0 short sword (holy)
rCold   . . .      Faith    .   (no shield)
rNeg    . . .      Spirit   .   k - +0 leather armour
rPois   .          Reflect  .   i - +0 helmet "Jipani" {*Corrode Will++ Int+6}
rElec   .          Harm     .   (no cloak)
rCorr   .          Rampage  .   (no gloves)
Will    ++...                   (no boots)
Stlth   ++........              (no amulet)
HPRegen 0.14/turn               o - ring of magical power
MPRegen 0.17/turn               t - +4 ring of slaying

@: no status effects
A: no striking features
a: Renounce Religion


You were on level 3 of the Dungeon.
You worshipped Sif Muna.
Sif Muna was noncommittal.
You visited 1 branch of the dungeon, and saw 3 of its levels.

You collected 68 gold pieces.

Inventory:

Hand Weapons
 d - a +0 dagger
 e - a +0 mace
 g - a +0 hand axe
 l - a +0 hand axe
 m - a +0 short sword of holy wrath (weapon)
 p - a +0 hand axe of venom
 q - a +0 hand axe
 s - a +0 mace
 u - a +0 long sword
 v - a +0 flail
 A - a +0 dagger
Missiles
 b - 37 arrows
 w - 8 boomerangs (quivered)
 y - 23 sling bullets
Armour
 i - the +0 helmet "Jipani" (worn) {*Corrode Will++ Int+6}
   (You found it on level 2 of the Dungeon)

   Int:       It affects your intelligence (+6).
   *Corrode:  It may corrode you when you take damage.
   Will:      It greatly increases your willpower.
 k - a +0 leather armour (worn)
Jewellery
 o - a ring of magical power (left hand)
 t - a +4 ring of slaying (right hand)
Scrolls
 a - a scroll of vulnerability {unknown}
 f - a scroll of magic mapping {unknown}
 h - a scroll of teleportation
 j - a scroll of fog {unknown}
 r - a scroll of brand weapon {unknown}
 x - a scroll of identify {unknown}
Potions
 c - a potion of attraction {unknown}
 n - a potion of lignification {unknown}
 z - a potion of haste
 B - a potion of invisibility {unknown}


   Skills:
 + Level 0.6 Fighting
 + Level 0.7 Short Blades
 + Level 0.3 Armour
 + Level 2.4 Dodging
 + Level 2.6 Stealth
 + Level 0.3 Unarmed Combat
 + Level 3.4 Spellcasting
 + Level 5.2 Conjurations
 + Level 0.2 Invocations


You had 8 spell levels left.
You knew the following spells:

 Your Spells              Type           Power      Damage    Failure   Level
a - Magic Dart            Conj           100%       1d8       1%          1
b - Searing Ray           Conj           62%        2d6       2%          2

Your spell library contained the following spells:

 Spells                   Type           Power      Damage    Failure   Level
 Dazzling Flash           Conj/Hex       36%        N/A       13%         3
 Iskenderun's Battlesphe  Conj           31%        2d8       38%         5
 Fulminant Prism          Conj/Hex       9%         3d7       41%         4
 Iskenderun's Mystic Bla  Conj/Tloc      18%        2d6       41%         4
 Iron Shot                Conj/Erth      9%         9d3       100%        6
 Spellforged Servitor     Conj/Summ      9%         N/A       100%        7


Dungeon Overview and Level Annotations

Branches:
Dungeon (3/15)

Altars:
Sif Muna
The Shining One

Portals:
Abyss: D:3

Annotations:
D:3 1 transporter, GrayStillPlays's ghost, weakling DsFi


Message History

The kobold closely misses you.
Casting: Searing Ray (safe; 2% risk of failure)
Confirm with . or Enter, or press ? or * to list all spells.
Aiming: Searing Ray (safe; 2% risk of failure)
Press: ? - help, Shift-Dir - straight line, f - kobold
Aim: a kobold, wielding a +2 whip of distortion (74% to hit)
The searing ray hits the kobold.
The kobold is severely wounded. (Press . to maintain the ray.)
The kobold completely misses you.
The searing ray hits the kobold.
You kill the kobold!
Sif Muna accepts your kill.
Things that are here:
a +2 whip of distortion; 3 scrolls of teleportation You see here a +0 robe.
The small abomination hits you!
There is a one-way gate to the infinite horrors of the Abyss, spattered with blood here.
The small abomination enters a dispersal trap!
You blink.
The small abomination blinks!
The small abomination enters a dispersal trap!
You blink.
Casting: Searing Ray (safe; 2% risk of failure)
Confirm with . or Enter, or press ? or * to list all spells.
Aiming: Searing Ray (safe; 2% risk of failure)
Press: ? - help, Shift-Dir - straight line, f - toenail golem
Aim: a toenail golem (93% to hit)
The searing ray hits the toenail golem.
The toenail golem is lightly damaged. (Press . to maintain the ray.)
The toenail golem hits you!
The searing ray misses the toenail golem.
The toenail golem hits you!
The small abomination hits you but does no damage.
The toenail golem hits you. The small abomination hits you!
* * * LOW HITPOINT WARNING * * *
Okay, then.
The small abomination hits you!
You die...

......##.......###..###.......# #
##.#####..###.##(####.##......# #
#.# #..#.###...##...#......###
##.# #..#.#....#^.^#.#......#..
##.## ##..##..#......#∩##.....#.#
...<###....#.##...###.x[##....#.#
##....#....##.#.)##.##..##..###.#
#(##.......##.#©#..##©##...#....
#.####.....©#..@##..###.........
##.####......#.#x.#..........>.##
#......#...###.#9.##.........#.#
##.....#...# ##x...#####.....#.#
##....#..##.^.###..##x##....#.#
##......#.#.##©###...W#....#.#
##.....##.##..##..####....#.# #
####.....###....####.......#.#
###(..##...[...................#


You could see a toenail golem and 2 small abominations.

Vanquished Creatures
  A necrophage (D:2)
  An orc priest (D:3)
  2 worms (D:2)
  A dart slug (D:2)
  6 orcs (D:3)
  10 ball pythons
  6 endoplasms
  5 giant cockroaches
  7 goblins
  9 hobgoblins
  2 jackals (D:3)
  2 quokkas (D:2)
  6 bats
  A frilled lizard (D:2)
  10 kobolds
  2 rats
71 creatures vanquished.

Notes
Turn   | Place    | Note
-------+----------+-------------------------------------------
     0 | D:1      | mortz the Human Conjurer began the quest for the Orb.
     0 | D:1      | Reached XP level 1. HP: 13/13 MP: 3/3
   451 | D:1      | Reached XP level 2. HP: 19/19 MP: 1/5
   583 | D:1      | Learned a level 2 spell: Searing Ray
   678 | D:1      | Found a faded altar of an unknown god.
   708 | D:1      | Prayed at the altar of an unknown god.
   708 | D:1      | Became a worshipper of the Shining One
   708 | D:1      | Reached * piety under the Shining One
  1091 | D:1      | Reached XP level 3. HP: 23/24 MP: 3/6
  1690 | D:2      | Identified the +0 helmet "Jipani" {*Corrode Will++ Int+6}
  2123 | D:2      | Noticed a necrophage
  2133 | D:2      | Killed a necrophage
  2134 | D:2      | Reached XP level 4. HP: 11/31 MP: 5/8
  2134 | D:2      | Reached XP level 5. HP: 12/36 MP: 5/9
  2423 | D:2      | Reached skill level 5 in Conjurations
  3145 | D:3      | Found a shimmering blue altar of Sif Muna.
  3149 | D:3      | Fell from the grace of the Shining One
  3149 | D:3      | Became a worshipper of Sif Muna the Loreminder
  3366 | D:3      | Found a transporter.
  3405 | D:3      | Reached XP level 6. HP: 35/42 MP: 11/11
  3806 | D:3      | Found a one-way gate to the infinite horrors of the Abyss.
  3806 | D:3      | Noticed GrayStillPlays's ghost (weakling DsFi)
  3872 | D:3      | Noticed a small abomination
  3876 | D:3      | Noticed a small abomination
  3879 | D:3      | Found a transporter.
  3961 | D:3      | Noticed a toenail golem
  4079 | D:3      | Slain by a small abomination

Illustrated notes

Levels and vault maps discovered:
D:1:      dpeg_arrival_leaves_temple_mockup, layout_basic,
          basic_ecumenical_altar
D:2:      kennysheep_six_static_rooms, layout_basic, st_stairs_8, moated_statue
D:3:      layout_rooms, mainiacjoe_overflow_alcove_1,
          gammafunk_ghost_abyssal_escape, wad_orctagon

Skill      XL: |  1  2  3  4  5 |
---------------+----------------+-----
Spellcasting   | 3 |  3.4
Conjurations   | 5 |  5.2
Fighting       | |  0.6
Short Blades   | |  0.7
Armour         | |  0.3
Dodging        | |  2.4
Stealth        | |  2.6
Unarmed Combat | |  0.3
Invocations    | |  0.2

Action                   |  1- 3 |  4- 6 || total
-------------------------+-------+-------++-------
Melee: Unarmed           |    18 |       ||    18
       Short sword       |     5 |     8 ||    13
 Cast: Magic Dart        |    11 |       ||    11
       Searing Ray       |    27 |    30 ||    57
Invok: Divine Shield     |     1 |       ||     1
Armor: Robe              |     4 |       ||     4
       Leather armour    |     2 |     6 ||     8
Dodge: Dodged            |    28 |    11 ||    39
